cohdb
Replays
Latest Replays
All Replays
Popular Replays
Top Player Replays
Match Explorer
How It Works
Community
CoH3 Stats
Reddit
Sign in to upload your games and track your stats! →
Sign in with Steam
Match 40223817
Unlisted
Match 40223817
Overview
Messages
Build Orders
End
Panzergrenadier Squad
Selects Panzerjäger Kommand Battlegroup
Selects Panzerjäger Kommand Battlegroup
Selects Blockade Equipment
Panzergrenadier Squad
Panzergrenadier Squad
Construct Light Support Kompanie
Selects Tank Busters
MG34 Team
2.5-tonne Medical Truck
Assault Mechanized Group
Fire Support Elements
Construct Panzerarmee Kommand
Selects Crew Shock Tactics
Armored Reserves
Panzerjäger Squad
Panzer III L Medium Tank
Panzerpioneer Squad
Veteran Squad Leaders
Panzergrenadier Squad
Tiger Heavy Tank
Advanced Field Repairs
Advanced Optics
Vehicle Survival Package
Walking Stuka Rocket Launcher
Selects Elefant Tank Destroyer
Rapid Advance
Selects Defensive Positions
Elefant Tank Destroyer
Ymmot
Timay
Master of Disaster
ambiorix
[GG]Onkel Stonkel
[GG]Quiq
0
0
Comments
sign in to comment!
No comments posted yet!